Map: Acid Plant LE

Players

Zanster - Winner!

  • Race: Zerg Zerg
  • League: Master
  • Spawn Location: 11:00

Rex

  • Race: Zerg Zerg
  • Spawn Location: 5:00

Event: WCS Austin 2018

VOD

Have the link to the VOD?

Description

Time

  • Played on: June 1, 2018, 3:18 p.m.
  • Length: 8:49

All games in this series

Show
View Real Time Build Order
Export as new Build Order

Zanster Zerg - Winner!

Build Orders: Hatch First, Zergling Baneling 

Get SALT Encoding   

  12  0:01  Drone  
  13  0:12  Overlord  
  13  0:16  Drone  
  14  0:30  Drone x2  
  14  0:35  Drone  
  17  0:52  Hatchery  
  17  0:54  Drone  
  17  0:58  Drone  
  18  1:10  Extractor  
  17  1:13  Spawning Pool  
  17  1:17  Drone  
  17  1:20  Drone  
  18  1:29  Drone  
  19  1:38  Drone  
  20  1:49  Overlord  
  20  2:01  Queen  
  20  2:04  Queen  
  20  2:08  Drone x2  
  26  2:10  Metabolic Boost  
  26  2:11  Drone  
  26  2:14  Drone  
  28  2:26  Zergling x4  
  30  2:32  Zergling x2  
  31  2:37  Zergling x2  
  31  2:43  Hatchery  
  31  2:47  Zergling x4  
  33  2:53  Baneling Nest  
  33  2:56  Overlord  
  33  3:05  Zergling x4  
  34  3:14  Zergling x2  
  34  3:15  Zergling x8  
  34  3:19  Zergling x2  
  40  3:20  Zergling x2  
  40  3:24  Drone  
  40  3:26  Drone  
  43  3:32  Overlord  
  43  3:38  Drone  
  43  3:39  Baneling  
  43  3:40  Baneling  
  43  3:50  Baneling x3  
  43  3:51  Baneling  
  41  3:57  Zergling x12  
  40  4:18  Zergling x18  
  40  4:22  Drone  
  40  4:24  Drone  
  49  4:27  Drone  
  49  4:29  Drone  
  49  4:30  Baneling x2  
  49  4:33  Drone  
  50  4:43  Drone  
  50  4:44  Drone x3  
  52  4:47  Drone  
  52  4:49  Baneling x2  
  52  4:54  Drone x3  
  51  5:02  Drone  
  51  5:03  Drone x4  
  51  5:05  Drone  
  53  5:15  Drone  
  53  5:16  Drone  
  53  5:19  Zergling x4  
  52  5:21  Zergling x2  
  52  5:22  Extractor, Roach Warren, Zergling x4  
  52  5:23  Zergling x2  
  52  5:24  Zergling x2  
  52  5:28  Extractor, Zergling x4  
  56  5:31  Zergling x4  
  56  5:34  Overlord  
  58  5:38  Overlord  
  58  5:47  Lair  
  58  5:48  Evolution Chamber, Baneling  
  58  5:49  Baneling  
  57  5:53  Drone x6  
  57  5:56  Drone  
  64  5:58  Drone  
  64  6:05  Queen  
  64  6:08  Drone x3  
  68  6:15  Drone  
  68  6:16  Drone x4  
  72  6:19  Drone  
  72  6:22  Overlord  
  72  6:24  Overlord  
  73  6:26  Zerg Missile Weapons Level 1  
  73  6:31  Overlord  
  73  6:33  Drone  
  73  6:36  Overlord  
  73  6:42  Drone  
  73  6:43  Drone x4  
  73  6:44  Drone  
  78  6:47  Extractor  
  78  6:48  Extractor  
  78  6:51  Baneling x2  
  76  6:58  Roach x9  
  76  7:00  Glial Reconstitution  
  94  7:02  Overlord, Extractor  
  94  7:11  Roach  
  94  7:13  Roach  
  94  7:14  Roach  
  96  7:16  Roach  
  96  7:18  Roach  
  96  7:20  Roach x2  
  96  7:21  Hatchery  
  96  7:22  Roach  
  104  7:24  Roach  
  104  7:28  Overlord  
  106  7:30  Roach  
  106  7:31  Roach x2  
  106  7:35  Overlord  
  112  7:38  Roach  
  112  7:41  Overlord  
  114  7:45  Overlord x2  
  114  7:46  Overlord x2  
  114  7:55  Roach x2  
  114  7:57  Roach  
  114  7:58  Roach x4  
  128  7:59  Roach  
  128  8:01  Roach  
  128  8:05  Extractor  
  131  8:07  Ravager  
  131  8:08  Spire  
  131  8:09  Drone  
  132  8:16  Drone x4  
  132  8:18  Overseer  
  136  8:20  Drone  
  136  8:23  Drone x2  
  136  8:24  Extractor  
  136  8:25  Drone  
  136  8:26  Drone x2  
  141  8:29  Extractor  
  141  8:31  Drone  
  141  8:33  Drone  
  142  8:34  Drone  
  142  8:35  Overseer  
Show
View Real Time Build Order
Export as new Build Order

Rex Zerg 

Build Orders: Hatch First, Zergling Baneling 

Get SALT Encoding   

  12  0:00  Drone  
  13  0:12  Overlord  
  13  0:17  Drone  
  14  0:31  Drone  
  14  0:32  Drone  
  14  0:34  Drone  
  17  0:51  Hatchery  
  17  0:55  Drone  
  17  0:58  Drone  
  17  1:03  Extractor  
  17  1:14  Spawning Pool  
  17  1:16  Drone  
  17  1:20  Drone  
  18  1:30  Drone  
  19  1:42  Drone  
  22  2:06  Hatchery  
  19  2:08  Queen  
  19  2:10  Metabolic Boost  
  19  2:13  Drone  
  19  2:15  Drone  
  23  2:20  Drone x2  
  25  2:27  Baneling Nest  
  24  2:30  Drone  
  25  2:38  Queen  
  25  2:43  Overlord  
  27  2:49  Zergling x2  
  28  3:02  Zergling x2  
  28  3:03  Zergling x10  
  34  3:18  Overlord x2  
  34  3:19  Zergling x2  
  36  3:26  Baneling x2  
  35  3:38  Zergling x10  
  39  3:42  Baneling x2  
  38  3:53  Zergling x4  
  38  3:55  Baneling x3  
  33  4:13  Zergling x2  
  33  4:14  Zergling x2  
  33  4:19  Drone  
  33  4:20  Drone x5  
  33  4:21  Baneling x2  
  33  4:23  Zergling x4  
  40  4:29  Queen  
  40  4:30  Queen  
  40  4:31  Zergling x4  
  46  4:34  Baneling  
  46  4:40  Zergling x2  
  46  4:43  Baneling  
  46  4:44  Zergling x4  
  46  4:45  Drone  
  47  4:48  Extractor  
  47  4:49  Zergling x2  
  47  5:01  Baneling x2  
  47  5:05  Zergling x2  
  48  5:13  Hatchery  
  38  5:21  Zergling x2  
  38  5:22  Zergling x8  
  38  5:23  Baneling  
  38  5:25  Queen  
  47  5:33  Overlord  
  47  5:36  Overlord  
  47  5:38  Extractor  
  47  5:40  Evolution Chamber  
  47  5:42  Drone x3  
  46  5:44  Drone  
  46  5:48  Drone  
  48  5:53  Drone  
  48  5:55  Drone x2  
  51  5:57  Baneling x3  
  51  6:02  Drone  
  51  6:04  Drone x4  
  54  6:10  Drone  
  56  6:12  Extractor  
  56  6:13  Roach Warren  
  52  6:19  Drone x2  
  52  6:21  Zerg Missile Weapons Level 1  
  54  6:28  Drone  
  54  6:29  Drone  
  55  6:33  Drone  
  55  6:36  Lair  
  55  6:37  Overlord  
  55  6:39  Drone  
  56  6:42  Drone  
  56  6:45  Drone  
  56  6:46  Overlord  
  58  6:49  Drone x3  
  58  6:53  Baneling x2  
  61  6:59  Drone x3  
  64  7:06  Drone x2, Extractor  
  64  7:07  Drone x2  
  64  7:08  Baneling x2  
  66  7:16  Extractor  
  65  7:23  Overlord  
  65  7:24  Drone x2  
  65  7:25  Drone x4  
  65  7:29  Overlord  
  71  7:30  Roach  
  71  7:36  Roach x2  
  77  7:38  Overseer  
  77  7:39  Overlord  
  77  7:42  Roach x7  
  77  7:43  Drone  
  91  7:45  Roach  
  91  7:48  Roach  
  95  7:56  Roach x2  
  99  7:59  Roach  
  99  8:03  Roach x2  
  105  8:08  Overlord, Extractor  
  105  8:10  Overlord x5  
  104  8:27  Roach x4  
Tags
 
Add a new tag
Caveats
  • Supply blocks, unpowered buildings, or Contaminate may cause inaccurate times.
  • Supply counts are checked every 10 seconds.